 Dungeon Crawl Stone Soup version 0.20.1-1-g8b1a95d (webtiles) character file.

329 LoNine the Shield-Bearer (level 6, 0/39 HPs)
             Began as a Gargoyle Fighter on Oct 5, 2017.
             Slain by a ball python (1 damage)
             ... on level 4 of the Dungeon.
             The game lasted 00:07:46 (2571 turns).

LoNine the Shield-Bearer (Gargoyle Fighter)         Turns: 2571, Time: 00:07:47

Health: 0/39       AC: 11    Str: 21    XL:     6   Next: 51%
Magic:  6/6        EV:  4    Int:  9    God:
Gold:   126        SH:  9    Dex:  9    Spells: 5/5 levels left

rFire    . . .     SeeInvis .   a - +0 flail
rCold    . . .     Gourm    .   c - +0 shield
rNeg     + . .     Faith    .   b - +0 scale mail
rPois    ∞         Spirit   .   (no helmet)
rElec    +         Reflect  .   (no cloak)
rCorr    .         Harm     .   (no gloves)
MR       .....                  (no boots)
Stlth    ..........             (no amulet)
Regen    0.2/turn               (no ring)
MPRegen  0.1/turn               (no ring)

@: constricted
A: negative energy resistance 1, electricity resistance, unbreathing,
petrification resistance, rot immunity, AC +4
a: no special abilities


You were on level 4 of the Dungeon.
You were very hungry.

You visited 1 branch of the dungeon, and saw 4 of its levels.

You collected 126 gold pieces.

Inventory:

Hand Weapons
 a - a +0 flail (weapon)
Armour
 b - a +0 scale mail (worn)
 c - a +0 shield (worn)
Wands
 d - a wand of clouds (4/9)
Scrolls
 e - 2 scrolls of amnesia
 g - a scroll of recharging
 h - a scroll of magic mapping
 j - 2 scrolls of remove curse {unknown}
Potions
 i - a potion of haste {unknown}
 k - a potion of magic {unknown}
 l - a potion of invisibility {unknown}
 n - a potion of lignification {unknown}
Comestibles
 f - 2 meat rations
 m - a royal jelly


   Skills:
 + Level 4.7 Fighting
 + Level 3.6 Maces & Flails
 + Level 4.6 Armour
 + Level 5.0 Shields


You had 5 spell levels left.
You didn't know any spells.

Dungeon Overview and Level Annotations

Branches:
Dungeon (4/15)             Temple (0/1) D:4

Altars:


Innate Abilities, Weirdness & Mutations

You are resistant to torment.
Your stone body is resilient. (AC +4)
You are immune to poison.
You resist negative energy. (rN+)
You are resistant to electric shocks. (rElec)
You can survive without breathing.
You are immune to petrification.
You are immune to rotting.


Message History

Your Shields skill increases to level 5!
You block the ball python's attack. x2; The ball python constricts you.
You block the worker ant's attack. You block the ball python's attack.
The ball python constricts you.
The ball python bites you but does no damage.
Your shield prevents you from hitting the rat.
The worker ant bites you but does no damage.
The rat bites you but does no damage.
The ball python bites you but does no damage.
The ball python barely misses you. The ball python constricts you.
The worker ant barely misses you.
You closely miss the rat. You block the ball python's attack.
The rat bites you.
* * * LOW HITPOINT WARNING * * *
You block the ball python's attack.
* * * LOW HITPOINT WARNING * * *
The ball python constricts you.
The worker ant bites you but does no damage.
The ball python bites you.
You die...

.....#*********,,,,,*,,,,,+,,,,,,
.....#,,<,,,,,......#,,,,,*,,,,,,
.....#,,,,,,,,......#,,,,,*,,,,,,
.....#,,,,,,,*#.....#,,,,,*******
.....#,,,,,,,*#.....#,,,,,*,,,,,,
.....#,,,,,,,,+.....#,,,,.*,,,,,,
.....#,,,,,,,,#.....#,,,..*,,,,,,
.....##########.a...#,,...*,,,,,,
..............#S@S..#,....*,,,,,,
..............##r####.....,,,,,,,
...............rrr........,≈*,,,,
.........................≈≈≈*,,,,
.......................r.≈≈≈*,,,,
...###########..........≈≈≈≈*,,,,
...#,,,,,,,,,#.........≈≈≈≈∩*,,,,
...#,,,,,,,,,#.........###***,,,,
...*,,,,,,,,,#...........,*,,,,,,


You could see a worker ant, 2 ball pythons and 4 rats.

Vanquished Creatures
  Sigmund (D:2)
  A bullfrog (D:3)
  A killer bee zombie (D:4)
  An adder (D:2)
  A river rat (D:4)
  2 worms (D:2)
  2 dart slugs (D:1)
  4 leopard geckos
  A ball python (D:4)
  2 giant cockroaches
  4 goblins
  4 hobgoblins
  6 jackals
  4 quokkas
  6 bats
  2 frilled lizards
  5 kobolds
  8 rats
55 creatures vanquished.

Notes
Turn   | Place    | Note
-------+----------+-------------------------------------------
     0 | D:1      | LoNine the Gargoyle Fighter began the quest for the Orb.
     0 | D:1      | Reached XP level 1. HP: 14/14 MP: 1/1
   237 | D:1      | Reached XP level 2. HP: 19/19 MP: 2/2
   755 | D:1      | Reached XP level 3. HP: 23/23 MP: 3/3
  1031 | D:2      | Noticed Sigmund
  1055 | D:2      | Killed Sigmund
  1055 | D:2      | Reached skill level 4 in Shields
  1055 | D:2      | Reached XP level 4. HP: 3/29 MP: 4/4
  1055 | D:2      | Reached XP level 5. HP: 3/33 MP: 5/5
  1825 | D:3      | Reached XP level 6. HP: 38/39 MP: 6/6
  2569 | D:4      | Reached skill level 5 in Shields
  2571 | D:4      | HP: 1/39 [ball python (1)]
  2571 | D:4      | Slain by a ball python

Skill      XL: |  1  2  3  4  5  6 |
---------------+-------------------+-----
Fighting       | 4 |  4.7
Maces & Flails | 3 |  3.6
Armour         | 4 |  4.6
Shields        | 4 5 |  5.0

Action                   |  1- 3 |  4- 6 || total
-------------------------+-------+-------++-------
Melee: Flail             |   121 |   103 ||   224
  Use: Potion            |     1 |     1 ||     2
       Scroll            |       |     3 ||     3
  Eat: Bread ration      |       |     1 ||     1
Armor: Scale mail        |    62 |    94 ||   156
Dodge: Dodged            |    46 |    44 ||    90
Block: Shield            |    58 |    94 ||   152
